 Dungeon Crawl Stone Soup version 0.28.0-53-g5a82cb258f (webtiles) character file.

Game seed: 15986920890790826161

560 issech the Chopper (level 7, -10/60 (61) HPs)
             Began as a Minotaur Monk on May 30, 2022.
             Mangled by Duvessa
             ... wielding a +0 rapier
              (11 damage)
             ... on level 4 of the Dungeon.
             The game lasted 00:13:29 (3965 turns).

issech the Chopper (Minotaur Monk)                  Turns: 3965, Time: 00:13:30

HP:   -10/60 (61)   AC:  9    Str: 16    XL:     7   Next: 9%
MP:   6/6           EV:  8    Int:  7    God:
Gold: 131           SH:  0    Dex: 14    Spells: 6/6 levels left

rFire   . . .      SeeInvis .   n - +1 scythe (vorpal)
rCold   . . .      Faith    .   (shield currently unavailable)
rNeg    . . .      Spirit   .   m - +0 chain mail
rPois   .          Reflect  .   (helmet restricted)
rElec   .          Harm     .   (no cloak)
rCorr   .          Rampage  .   (no gloves)
Will    .....                   (no boots)
Stlth   ..........              J - amulet of the acrobat
HPRegen 0.20/turn               (no ring)
MPRegen 0.10/turn               (no ring)

@: lightly drained
A: horns 2, retaliatory headbutt
a: no special abilities


You were on level 4 of the Dungeon.
You visited 1 branch of the dungeon, and saw 4 of its levels.

You collected 131 gold pieces.

Inventory:

Hand Weapons
 a - a +0 hand axe
 l - a +2 dagger of electrocution
 n - a +1 vorpal scythe (weapon)
 z - a +0 rapier
 O - a +0 flail
 Q - a +0 falchion of holy wrath
Missiles
 b - 2 boomerangs
 e - 58 stones (quivered)
 r - 17 bolts
Armour
 m - a +0 chain mail (worn)
Jewellery
 g - a ring of ice
 J - an amulet of the acrobat (around neck)
Wands
 w - a wand of flame (17)
Scrolls
 c - 2 scrolls of fear {unknown}
 f - a scroll of immolation {unknown}
 j - a scroll of magic mapping {unknown}
 o - a scroll of enchant armour {unknown}
 q - 2 scrolls of vulnerability {unknown}
 C - a scroll of teleportation {unknown}
 D - 3 scrolls of identify {unknown}
 K - 2 scrolls of noise {unknown}
 N - a scroll of amnesia {unknown}
Potions
 d - a potion of brilliance {unknown}
 h - a potion of magic {unknown}
 i - a potion of degeneration {unknown}
 k - 3 potions of curing {unknown}
 p - a potion of invisibility {unknown}


   Skills:
 + Level 5.1 Fighting
 + Level 0.4 Short Blades
 + Level 7.1 Axes
 + Level 4.1 Armour
 + Level 4.2 Dodging
 + Level 1.9 Stealth


You had 6 spell levels left.
You didn't know any spells.
Your spell library was empty.

Dungeon Overview and Level Annotations

Branches:
Dungeon (4/15)
 Temple: D:4-7

Altars:

Annotations:
D:4 Dowan, Duvessa


Innate Abilities, Weirdness & Mutations

You have a pair of horns on your head.
You reflexively headbutt those who attack you in melee.


Message History

a +1 vorpal scythe; a +0 robe; the human corpse of Sigmund
n - a +1 vorpal scythe Your +2 dagger of electrocution stops crackling.
n - a +1 vorpal scythe (weapon)
o - a scroll labelled EKIROT YZEOLA Done exploring.
Done exploring.
You see here a +0 club.
There is a stone staircase leading down here.
You climb downwards.
There is a stone staircase leading up here.
Found 9 gold pieces.
You now have 131 gold pieces (gained 9).
Duvessa, Sister of Dowan comes into view.
She is wielding a +0 rapier.
Found a ring mail.
Duvessa shouts!
Dowan, Brother of Duvessa comes into view.
He is wielding a +0 dagger and carrying a wand of flame (18).
You barely miss Duvessa. Duvessa hits you with a +0 rapier! x2
You hit Duvessa but do no damage. Duvessa hits you but does no damage.
Duvessa hits you with a +0 rapier!
Dowan shouts!
You hit Duvessa.
Duvessa is lightly wounded.
Dowan casts a spell at Duvessa.
Duvessa seems to speed up.
Duvessa hits you with a +0 rapier. Duvessa hits you with a +0 rapier.
You hit Duvessa but do no damage.
Duvessa is lightly wounded.
Duvessa hits you with a +0 rapier. Duvessa hits you with a +0 rapier!
* * * LOW HITPOINT WARNING * * *
Duvessa says, "Where magic fails, the sword succeeds!"
Duvessa barely misses you.
Dowan mumbles some strange words.
Dowan blinks!
Duvessa closely misses you.
You closely miss Dowan. Duvessa hits you with a +0 rapier!
* * * LOW HITPOINT WARNING * * *
Dowan hits you with the +11 falchion of the Crawling Thing {drain, rElec Str+6}.
* * * LOW HITPOINT WARNING * * *
You feel drained. Duvessa hits you with a +0 rapier!
You die...

..#.# ##.#. ### ...
..# #.# #.#
##.###### #.#
#.......### #<#
#..#...e..# #.#
#..#.##.#.######.#
#....##.#..ยง.e@e.#
#.#####.##########
#.#####.# #.......#
######### # ## [##
..##


You could see Duvessa (fast) and Dowan.

Vanquished Creatures
  Sigmund (D:3)
  Eustachio (D:4)
  2 water moccasin skeletons
  An orc priest (D:4)
  An orc wizard (D:4)
  2 adders (D:2)
  A gnoll (D:2)
  2 worms
  3 dart slugs
  7 orcs
  7 endoplasms
  A giant cockroach (D:1)
  4 hobgoblins
  4 jackals (D:2)
  3 quokkas
  6 ball pythons
  9 bats
  2 frilled lizards
  12 goblins
  2 kobolds (D:1)
  5 rats
76 creatures vanquished.

Vanquished Creatures (others)
  8 fungi (D:1)
  6 plants (D:1)
14 creatures vanquished.

Grand Total: 90 creatures vanquished

Notes
Turn   | Place    | Note
-------+----------+-------------------------------------------
     0 | D:1      | issech the Minotaur Monk began the quest for the Orb.
     0 | D:1      | Reached XP level 1. HP: 19/19 MP: 0/0
   201 | D:1      | Reached skill level 4 in Axes
   314 | D:1      | Reached XP level 2. HP: 27/27 MP: 1/1
   919 | D:1      | Reached XP level 3. HP: 33/33 MP: 2/2
  1288 | D:1      | Found a faded altar of an unknown god.
  1446 | D:3      | Noticed Sigmund
  2044 | D:2      | Reached XP level 4. HP: 32/40 MP: 3/3
  2409 | D:3      | Reached skill level 5 in Axes
  2409 | D:3      | Reached skill level 1 in Armour
  2409 | D:3      | Reached XP level 5. HP: 41/47 MP: 4/4
  3140 | D:4      | Noticed Eustachio
  3207 | D:4      | Killed Eustachio
  3208 | D:4      | Reached skill level 6 in Axes
  3208 | D:4      | Reached XP level 6. HP: 45/55 MP: 5/5
  3279 | D:4      | Noticed an orc warrior
  3787 | D:3      | Killed Sigmund
  3788 | D:3      | Reached skill level 5 in Fighting
  3788 | D:3      | Reached skill level 7 in Axes
  3788 | D:3      | Reached XP level 7. HP: 51/61 MP: 6/6
  3942 | D:4      | Noticed Duvessa
  3942 | D:4      | Noticed Dowan
  3959 | D:4      | Identified the +11 falchion of the Crawling Thing {drain,
                  | rElec Str+6}
  3965 | D:4      | HP: 1/61 [Dowan/the +11 falchion of the Crawling Thing
                  | {drain, rElec Str+6} (5)]
  3965 | D:4      | Mangled by Duvessa

Illustrated notes

Levels and vault maps discovered:
D:1:      minmay_arrival_up_and_down, layout_basic,
          shapermc_ecumenical_altar_hornbeckon, minmay_tetromino_l2
D:2:      minmay_diamond_boxcup, layout_rooms
D:3:      layout_loops_cross, uniq_sigmund
D:4:      layout_loops_cross, uniq_duvessa, uniq_edmund, uniq_eustachio

Skill      XL: |  1  2  3  4  5  6 |
---------------+-------------------+-----
Axes           | 4 5 6 7 |  7.1
Fighting       | 4 5 |  5.1
Dodging        | 4 |  4.2
Armour         | 1 3 4 |  4.1
Short Blades   | |  0.4
Stealth        | |  1.9

Action                   |  1- 3 |  4- 6 |  7- 9 || total
-------------------------+-------+-------+-------++-------
Melee: Hand axe          |   149 |    78 |       ||   227
       Headbutt          |    30 |    23 |       ||    53
       Punch             |     2 |     1 |       ||     3
       Dagger            |       |     7 |       ||     7
       Scythe            |       |       |     5 ||     5
Throw: Stone             |     6 |       |       ||     6
 Stab: Sleeping          |     1 |       |       ||     1
Armor: Robe              |     7 |       |       ||     7
       Chain mail        |    43 |    31 |     1 ||    75
Dodge: Dodged            |    71 |    52 |     2 ||   125
